 Dungeon Crawl Stone Soup version 0.14-a0-2061-g6c6fb9c (webtiles) character file.

143 Faustar the Slasher (level 4, -2/41 HPs)
             Began as a Minotaur Berserker on Jan 22, 2014.
             Was a Priest of Trog.
             Slain by Grinder (9 damage)
             ... on Level 3 of the Dungeon.
             The game lasted 00:04:51 (1217 turns).

Faustar the Slasher (Minotaur Berserker)            Turns: 1217, Time: 00:04:51

HP  -2/41        AC  2     Str 23      XL: 4   Next: 43%
MP   2/2         EV 12     Int  4      God: Trog [***...]
Gold 45          SH  0     Dex  9      Spells:  0 memorised,  3 levels left

rFire  . . .     SeeInvis .     a - +0 falchion
rCold  . . .     Clarity  .     b - +0 animal skin
rNeg   . . .     Conserve .     (no shield)
rPois  .         rCorr    .     (helmet restricted)
rElec  .         rRot     .     (no cloak)
SustAb . .       Spirit   .     (no gloves)
rMut   .         Warding  .     (no boots)
Saprov . . .     Stasis   .     (no amulet)
MR     .....                    (no ring)
                                (no ring)

@: exhausted, slowed, very slow, not resistant to hostile enchantments, very
unstealthy
A: retaliatory headbutt, horns 2
a: Burn Spellbooks, Berserk, Trog's Hand, Renounce Religion


You were on level 3 of the Dungeon.
You worshipped Trog.
Trog was most pleased with you.
You were very hungry.

You visited 1 branch of the dungeon, and saw 3 of its levels.

You collected 45 gold pieces.

Inventory:

Hand weapons
 a - a +0,+0 falchion (weapon)
Armour
 b - a +0 animal skin (worn)
Comestibles
 c - 4 bread rations
 l - a meat ration
 q - a rotting chunk of giant cockroach flesh
Scrolls
 d - 3 scrolls of identify {unknown}
 e - a scroll of random uselessness {unknown}
 g - a scroll of enchant weapon II {unknown}
 j - a scroll of noise {unknown}
 k - a scroll of blinking {unknown}
 m - a scroll of curse armour {unknown}
 n - a scroll of enchant armour {unknown}
 r - a scroll of enchant weapon I {unknown}
Jewellery
 o - a +3 ring of intelligence {unknown}
Potions
 f - a potion of curing {unknown}
 h - 2 potions of might {unknown}
 i - a potion of resistance {unknown}
 p - a potion of invisibility {unknown}
 s - a potion of paralysis {unknown}


   Skills:
 * Level 4.6 Fighting
 * Level 5.2 Long Blades
 + Level 3.2 Armour
 - Level 2.1 Dodging


You had 3 spell levels left.
You didn't know any spells.

Dungeon Overview and Level Annotations

Branches:
Dungeon (3/16)

Altars:

Annotations:
D:3 Grinder


Innate Abilities, Weirdness & Mutations

You reflexively headbutt those who attack you in melee.
You have a pair of horns on your head.


Message History

You hit Grinder but do no damage.
Grinder is severely wounded.
Grinder completely misses you. You furiously retaliate!
You headbutt Grinder.
Ugh!
There is something really disgusting in your inventory. (slot q)
You hit Grinder. You headbutt Grinder.
Grinder is almost dead.
Grinder closely misses you. Grinder hits you but does no damage.
You hit Grinder.
Grinder is almost dead.
Grinder hits you but does no damage.
You hit Grinder. Your headbutt misses Grinder.
Grinder is almost dead.
Grinder gestures at you.
You suddenly lose the ability to move!
Grinder completely misses you. Grinder hits you but does no damage.
You can move again.
You closely miss Grinder. Your headbutt misses Grinder.
Grinder is almost dead.
Grinder hits you!
You die...

. #. .! #. #.#.
#.#.
####.#.#####.##
........5........
#.....@####.##?
#..............
#......####.##.
#..............
#......####?##.
##......####.##.#
#................
#........###.##.#
#........#


You could see Grinder.

Vanquished Creatures
  A gnoll (D:1)
  An adder (D:2)
  An inept item mimic (D:2)
  An adder zombie (D:2)
  4 giant geckos
  11 bats
  A bat skeleton (D:2)
  4 giant cockroaches
  4 hobgoblins
  2 kobolds
  A quokka (D:3)
  2 ball pythons
  4 giant newts
  9 goblins
  2 hobgoblin skeletons (D:2)
  11 jackals (D:2)
  A quokka skeleton (D:2)
  5 rats
65 creatures vanquished.

Notes
Turn   | Place    | Note
--------------------------------------------------------------
     0 | D:1      | Faustar, the Minotaur Berserker, began the quest for the Orb.
     0 | D:1      | Reached XP level 1. HP: 19/19 MP: 1/1
    89 | D:1      | Reached skill level 4 in Long Blades
   123 | D:1      | Reached XP level 2. HP: 20/27 MP: 1/1
   184 | D:1      | Acquired Trog's second power
   261 | D:1      | Reached XP level 3. HP: 23/33 MP: 2/2
   727 | D:2      | Reached skill level 5 in Long Blades
   727 | D:2      | Reached XP level 4. HP: 37/41 MP: 2/2
  1191 | D:3      | Noticed Grinder
  1215 | D:3      | Paralysed by Grinder for 2 turns
  1217 | D:3      | Slain by Grinder

Action                   |  1- 3 |  4- 6 || total
-------------------------+-------+-------++-------
Melee: Falchion          |    81 |    60 ||   141
Invok: Berserk           |     2 |     1 ||     3
       Trog's Hand       |       |     1 ||     1
